[Event "Turkish Second League 2019"]
[Site "Konya"]
[Date "2019.07.22"]
[Round "1"]
[White "Shanava, Konstantine"]
[Black "Deniz, Medeni"]
[Result "1-0"]
[ECO "C42"]
[WhiteElo "2538"]
[BlackElo "1962"]
[Annotator "ChessBase"]
[PlyCount "69"]
[EventDate "2019.07.22"]
[EventType "team-tourn"]
[EventCountry "TUR"]
[SourceTitle "playchess.com"]
[Source "ChessBase"]
[SourceQuality "1"]
[TimeControl "5400+30"]

1. e4 e5 2. Nf3 Nf6 3. Nc3 Bb4 4. Bc4 d6 5. O-O O-O 6. Re1 Bg4 7. h3 Bh5 8. a3 Ba5 9. b4 Bb6 10. Na4 Nxe4 11. Nxb6 axb6 12. Rxe4 d5 13. Rxe5 Bxf3 14. Qxf3 dxc4 15. Bb2 Nc6 16. Rd5 Qe7 17. Qg4 f5 18. Qxc4 Qe6 19. Rd7 Qxc4 20. Rxg7+ Kh8 21. Rg4+ Nd4 22. Bxd4+ Qxd4 23. Rxd4 Rf7 24. Rd3 Kg7 25. Re1 Kf6 26. Rf3 h5 27. d4 Rd8 28. Re5 Kg6 29. c3 c6 30. Rg3+ Kf6 31. f4 b5 32. Rg5 Ra8 33. Rxh5 Rxa3 34. Rhxf5+ Kg7 35. Rxf7+ 1-0

[Event "Turkish Second League 2019"]
[Site "Konya"]
[Date "2019.07.22"]
[Round "1"]
[White "Bashirli, Nail"]
[Black "Hasanzade, Toghrul"]
[Result "1-0"]
[ECO "C07"]
[WhiteElo "2367"]
[BlackElo "2318"]
[Annotator "NA"]
[PlyCount "69"]
[EventDate "2019.07.22"]
[EventType "team-tourn"]
[EventCountry "TUR"]
[SourceTitle "playchess.com"]
[Source "ChessBase"]
[SourceQuality "1"]
[TimeControl "5400+30"]

1. e4 e6 2. d4 d5 3. Nd2 c5 4. Ngf3 cxd4 5. Nxd4 Nc6 6. Bb5 Bd7 7. Nxc6 bxc6 8. Bd3 Qc7 9. Qe2 Ne7 10. O-O Ng6 11. Nf3 Bd6 12. Re1 Nf4 13. Bxf4 Bxf4 14. g3 Bd6 15. exd5 cxd5 16. Rac1 Qa5 17. c4 O-O 18. a3 dxc4 19. Rxc4 Rfd8 20. Rd4 Bc6 21. Bxh7+ Kxh7 22. Qc2+ Qf5 23. Qxc6 Rac8 24. Qe4 Qxe4 25. Rexe4 Bc5 26. Rxd8 Rxd8 27. b4 Bb6 28. a4 Kg8 29. Rc4 f6 30. Kg2 Rd5 31. a5 Bd8 32. Nd4 Kf7 33. Nc6 a6 34. Nb8 Rd6 35. Rc6 1-0

[Event "Turkish Second League 2019"]
[Site "Konya"]
[Date "2019.07.22"]
[Round "1"]
[White "Karaoglan, Doruk"]
[Black "Eken, Atakan"]
[Result "1-0"]
[ECO "B04"]
[WhiteElo "2278"]
[BlackElo "1763"]
[Annotator "NA"]
[PlyCount "73"]
[EventDate "2019.07.22"]
[EventType "team-tourn"]
[EventCountry "TUR"]
[SourceTitle "playchess.com"]
[Source "ChessBase"]
[SourceQuality "1"]
[TimeControl "5400+30"]

1. e4 Nf6 2. e5 Nd5 3. d4 d6 4. Nf3 Nb6 5. a4 a5 6. Nc3 g6 7. Bb5+ c6 8. Bd3 Bg7 9. O-O O-O 10. h3 Na6 11. exd6 Qxd6 12. Ne4 Qc7 13. c3 Bf5 14. Re1 Nd5 15. Nh4 Bxe4 16. Bxe4 Rad8 17. Bg5 Rfe8 18. Qg4 Nf6 19. Bxf6 Bxf6 20. Bd3 Nb8 21. Bc4 Bxh4 22. Qxh4 Qd6 23. Re5 b6 24. Bxf7+ Kxf7 25. Qxh7+ Kf6 26. g4 Qxe5 27. dxe5+ Kxe5 28. Qxg6 e6 29. Qg7+ Kd6 30. Rd1+ Kc5 31. Qe5+ Rd5 32. Rxd5+ cxd5 33. Qc7+ Nc6 34. b4+ axb4 35. cxb4+ Kxb4 36. Qxb6+ Ka3 37. Qxc6 1-0

[Event "Turkish Second League 2019"]
[Site "Konya"]
[Date "2019.07.22"]
[Round "1"]
[White "Ozates, Tuna"]
[Black "Oztekin, Mehmet Metin"]
[Result "1-0"]
[ECO "B09"]
[WhiteElo "2218"]
[BlackElo "1866"]
[Annotator "NA"]
[PlyCount "41"]
[EventDate "2019.07.22"]
[EventType "team-tourn"]
[EventCountry "TUR"]
[SourceTitle "playchess.com"]
[Source "ChessBase"]
[SourceQuality "1"]
[TimeControl "5400+30"]

1. e4 d6 2. d4 Nf6 3. Nc3 g6 4. f4 Bg7 5. Nf3 O-O 6. Be3 c6 7. Bd3 Ng4 8. Qe2 b5 9. e5 f5 10. O-O Nxe3 11. Qxe3 d5 12. h4 e6 13. h5 Bh6 14. hxg6 hxg6 15. Kf2 Kf7 16. Rh1 Rh8 17. Rh3 Nd7 18. Rah1 Bg7 19. Ng5+ Ke7 20. Rxh8 Bxh8 21. Rh7+ 1-0

[Event "Turkish Second League 2019"]
[Site "Konya"]
[Date "2019.07.22"]
[Round "1"]
[White "Temizkan, Denizcan"]
[Black "Yilmaz, Ada"]
[Result "1-0"]
[ECO "D11"]
[WhiteElo "2202"]
[BlackElo "1805"]
[Annotator "NA"]
[PlyCount "61"]
[EventDate "2019.07.22"]
[EventType "team-tourn"]
[EventCountry "TUR"]
[SourceTitle "playchess.com"]
[Source "ChessBase"]
[SourceQuality "1"]
[TimeControl "5400+30"]

1. d4 d5 2. c4 c6 3. e3 Nf6 4. Nf3 a6 5. b3 Bg4 6. Be2 e6 7. O-O Bd6 8. Bb2 O-O 9. h3 Bh5 10. Nbd2 Nbd7 11. Ne5 Bxe2 12. Qxe2 Qc7 13. f4 Ne4 14. Nxe4 dxe4 15. Qc2 f5 16. c5 Bxe5 17. dxe5 Rf7 18. Rfd1 Nf8 19. Rd6 Qe7 20. g3 g5 21. Kf2 Rg7 22. Rg1 Qf7 23. Qd1 Re8 24. Bc3 Ng6 25. Ba5 gxf4 26. gxf4 Nh4 27. Bd8 Nf3 28. Rxg7+ Qxg7 29. Bf6 Qh6 30. Rd7 Nxe5 31. fxe5 1-0

[Event "Turkish Second League 2019"]
[Site "Konya"]
[Date "2019.07.22"]
[Round "1"]
[White "Demirbag, Alihan"]
[Black "Karatas, Kutay"]
[Result "1-0"]
[ECO "B23"]
[WhiteElo "2087"]
[BlackElo "1846"]
[Annotator "NA"]
[PlyCount "69"]
[EventDate "2019.07.22"]
[EventType "team-tourn"]
[EventCountry "TUR"]
[SourceTitle "playchess.com"]
[Source "ChessBase"]
[SourceQuality "1"]
[TimeControl "5400+30"]

1. e4 c5 2. Nc3 a6 3. g3 b5 4. Bg2 Bb7 5. d3 e6 6. Nh3 Nf6 7. O-O Be7 8. f4 d5 9. e5 Nfd7 10. f5 Qb6 11. fxe6 fxe6 12. Nf4 g6 13. Qe2 b4 14. Na4 Qc6 15. b3 Nf8 16. Nh3 Nbd7 17. Bg5 h6 18. Bxe7 Kxe7 19. Qf3 Rh7 20. Rae1 Kd8 21. d4 cxd4 22. Qd3 Rc8 23. Qxd4 Kc7 24. Qxb4 Kb8 25. c4 g5 26. Nf2 h5 27. Nd3 h4 28. cxd5 exd5 29. Rc1 Qh6 30. Bxd5 Nc5 31. Ndxc5 hxg3 32. Nd7+ Rxd7 33. Rxc8+ Kxc8 34. Rxf8+ Rd8 35. Qxb7# 1-0

[Event "Turkish Second League 2019"]
[Site "Konya"]
[Date "2019.07.22"]
[Round "1"]
[White "Ozturk, Efe Hakan"]
[Black "Tahaoglu, Ugur Barkin"]
[Result "1-0"]
[ECO "A07"]
[WhiteElo "2017"]
[BlackElo "1939"]
[Annotator "NA"]
[PlyCount "54"]
[EventDate "2019.07.22"]
[EventType "team-tourn"]
[EventCountry "TUR"]
[SourceTitle "playchess.com"]
[Source "ChessBase"]
[SourceQuality "1"]
[TimeControl "5400+30"]

1. Nf3 d5 2. g3 Bg4 3. Bg2 c6 4. b3 Nd7 5. Bb2 Ngf6 6. O-O e6 7. d3 Be7 8. Nbd2 O-O 9. e4 Bh5 10. e5 Ne8 11. Qe1 b5 12. Nd4 Qb6 13. h3 c5 14. Ne2 Bxe2 15. Qxe2 b4 16. c4 bxc3 17. Bxc3 Nc7 18. Kh1 Nb5 19. Bb2 Nd4 20. Bxd4 cxd4 21. f4 Rfc8 22. Rac1 Rc3 23. Nb1 Rc7 24. Rxc7 Qxc7 25. Qb2 Rc8 26. Qxd4 Qa5 27. Qf2 Rc6 1-0

[Event "Turkish Second League 2019"]
[Site "Konya"]
[Date "2019.07.22"]
[Round "1"]
[White "Makaraci, Tunahan"]
[Black "Yilmazyerli, Mert"]
[Result "0-1"]
[ECO "B09"]
[WhiteElo "1979"]
[BlackElo "2420"]
[Annotator "NA"]
[PlyCount "138"]
[EventDate "2019.07.22"]
[EventType "team-tourn"]
[EventCountry "TUR"]
[SourceTitle "playchess.com"]
[Source "ChessBase"]
[SourceQuality "1"]
[TimeControl "5400+30"]

1. e4 g6 2. d4 Bg7 3. Nc3 d6 4. f4 Nf6 5. Nf3 O-O 6. Bd3 Nc6 7. e5 dxe5 8. dxe5 Nd5 9. Nxd5 Qxd5 10. Qe2 Bg4 11. Be4 Qa5+ 12. Bd2 Qb6 13. Bc3 Rad8 14. Qf2 f6 15. Qxb6 axb6 16. O-O Bxf3 17. Bxf3 fxe5 18. fxe5 Bxe5 19. Bxe5 Nxe5 20. Bxb7 Rxf1+ 21. Rxf1 Kg7 22. b3 Rd2 23. Rf2 Rd1+ 24. Rf1 Rd4 25. a4 Nd7 26. Bf3 Ne5 27. Bb7 c5 28. c3 Rd3 29. Rc1 Rd2 30. b4 cxb4 31. cxb4 Ra2 32. Bc6 Rb2 33. Bb5 Rxb4 34. Rc7 Kf6 35. Rb7 Nf7 36. Rxb6+ Nd6 37. Kf2 Ke5 38. Rc6 Nxb5 39. axb5 Rxb5 40. Rc8 Kf6 41. Rh8 h5 42. Kf3 Rb3+ 43. Ke4 Rb2 44. Kf3 e6 45. Rf8+ Kg7 46. Ra8 Rb4 47. Rc8 Kf6 48. Rf8+ Ke5 49. Rg8 Rf4+ 50. Ke3 Rf6 51. Ra8 Kf5 52. Ra5+ e5 53. Ra7 Rb6 54. Rf7+ Ke6 55. Rg7 Kf6 56. Ra7 Rb2 57. Kf3 e4+ 58. Kg3 h4+ 59. Kxh4 Rxg2 60. Kh3 Rg1 61. Ra5 e3 62. Ra2 Kf5 63. Ra5+ Kf4 64. Ra4+ Kf3 65. Rg4 Kf2 66. Rf4+ Ke1 67. Ra4 e2 68. Ra1+ Kf2 69. Ra2 Kf1 0-1

[Event "Turkish Second League 2019"]
[Site "Konya"]
[Date "2019.07.22"]
[Round "1"]
[White "Akkus, Suat"]
[Black "Duman, Aydin"]
[Result "0-1"]
[ECO "E94"]
[WhiteElo "1970"]
[BlackElo "2059"]
[Annotator "NA"]
[PlyCount "116"]
[EventDate "2019.07.22"]
[EventType "team-tourn"]
[EventCountry "TUR"]
[SourceTitle "playchess.com"]
[Source "ChessBase"]
[SourceQuality "1"]
[TimeControl "5400+30"]

1. d4 Nf6 2. c4 g6 3. Nc3 Bg7 4. e4 d6 5. Nf3 O-O 6. Be2 Na6 7. O-O e5 8. d5 Nc5 9. Qc2 a5 10. Bg5 h6 11. Be3 Nfd7 12. Nd2 f5 13. f3 h5 14. a3 a4 15. Rad1 f4 16. Bf2 Bf6 17. Kh1 Rf7 18. Nb5 Rg7 19. b4 axb3 20. Nxb3 Nxb3 21. Qxb3 b6 22. Ra1 Nc5 23. Qc2 g5 24. g3 fxg3 25. Bxg3 Bh3 26. Rg1 g4 27. fxg4 hxg4 28. Bf1 Qd7 29. Nc3 Bg5 30. Bxh3 gxh3 31. Qe2 Rf8 32. Bf2 Nb3 33. Raf1 Nd2 34. Rd1 Qf7 35. Be3 Bxe3 36. Qxe3 Qf3+ 37. Qxf3 Rxf3 38. Rxd2 Rxc3 39. Rxg7+ Kxg7 40. Kg1 Rxa3 41. Kf2 Rc3 42. Re2 Rxc4 43. Re3 Kf6 44. Rxh3 Rxe4 45. Rc3 Rd4 46. Rxc7 Rxd5 47. Rc6 b5 48. Rb6 Kf5 49. h3 Kf4 50. Rb8 Rd2+ 51. Ke1 Rb2 52. Rd8 Ke3 53. Kd1 Rd2+ 54. Ke1 d5 55. h4 d4 56. Rd5 e4 57. Rxb5 Rh2 58. Kf1 Rxh4 0-1

[Event "Turkish Second League 2019"]
[Site "Konya"]
[Date "2019.07.22"]
[Round "1"]
[White "Arslan, Erdal"]
[Black "Baltag, Iulian"]
[Result "0-1"]
[ECO "B21"]
[WhiteElo "1964"]
[BlackElo "2398"]
[Annotator "NA"]
[PlyCount "72"]
[EventDate "2019.07.22"]
[EventType "team-tourn"]
[EventCountry "TUR"]
[SourceTitle "playchess.com"]
[Source "ChessBase"]
[SourceQuality "1"]
[TimeControl "5400+30"]

1. e4 c5 2. d4 cxd4 3. c3 dxc3 4. Nxc3 Nc6 5. Nf3 d6 6. Bc4 a6 7. O-O Nf6 8. Qe2 Bg4 9. Rd1 e6 10. Bf4 Qb8 11. h3 Bxf3 12. Qxf3 Be7 13. g4 O-O 14. Bb3 Nd7 15. Qg3 Nde5 16. Rac1 Na5 17. Bxe5 dxe5 18. Rd7 Bg5 19. Rcd1 b5 20. Ne2 Nc4 21. h4 Bf4 22. Qc3 Qb6 23. Nxf4 exf4 24. Bxc4 bxc4 25. R1d6 Qb5 26. Rc7 Rac8 27. Rdd7 Rxc7 28. Rxc7 Qa4 29. Kg2 Qxa2 30. Rxc4 h6 31. g5 hxg5 32. hxg5 Qb1 33. e5 Qf5 34. Kf3 Qxg5 35. Rxf4 Rd8 36. Ke3 Rd5 0-1

[Event "Turkish Second League 2019"]
[Site "Konya"]
[Date "2019.07.22"]
[Round "1"]
[White "Yigit, Ahmet Yasir"]
[Black "Seyit, Ersel"]
[Result "1-0"]
[ECO "C50"]
[WhiteElo "1962"]
[BlackElo "1735"]
[Annotator "NA"]
[PlyCount "63"]
[EventDate "2019.07.22"]
[EventType "team-tourn"]
[EventCountry "TUR"]
[SourceTitle "playchess.com"]
[Source "ChessBase"]
[SourceQuality "1"]
[TimeControl "5400+30"]

1. e4 Nc6 2. d4 e5 3. Nf3 exd4 4. Bc4 d6 5. Nxd4 Nf6 6. Nc3 Be7 7. O-O O-O 8. f4 Re8 9. Nf3 Bg4 10. h3 Bxf3 11. Qxf3 d5 12. exd5 Nd4 13. Qd3 Bc5 14. Kh1 a6 15. a4 b5 16. axb5 axb5 17. Rxa8 Qxa8 18. Nxb5 Ne2 19. Nxc7 Nh5 20. g4 Nhxf4 21. Bxf4 Nxf4 22. Qf3 Qd8 23. Nxe8 g5 24. Qe4 Kf8 25. Bb5 Qa5 26. c4 Qd2 27. Nf6 Bd6 28. Nxh7+ Kg7 29. Nxg5 Nxh3 30. Rxf7+ Kh6 31. Qh7+ Kxg5 32. Qh5# 1-0

[Event "Turkish Second League 2019"]
[Site "Konya"]
[Date "2019.07.22"]
[Round "1"]
[White "Aksoy, Ayca"]
[Black "Eroltu, Ceylan"]
[Result "0-1"]
[ECO "D36"]
[WhiteElo "1914"]
[BlackElo "1313"]
[Annotator "NA"]
[PlyCount "102"]
[EventDate "2019.07.22"]
[EventType "team-tourn"]
[EventCountry "TUR"]
[SourceTitle "playchess.com"]
[Source "ChessBase"]
[SourceQuality "1"]
[TimeControl "5400+30"]

1. d4 d5 2. Nf3 Nf6 3. c4 e6 4. Nc3 Be7 5. Bg5 O-O 6. cxd5 exd5 7. Qc2 h6 8. Bh4 c6 9. e3 Nbd7 10. Bd3 b6 11. O-O Bb7 12. Rac1 Rc8 13. Rfd1 Re8 14. Qb1 Nh5 15. Bxe7 Qxe7 16. b4 b5 17. Bf5 Nhf6 18. Re1 g6 19. Bh3 Rcd8 20. Ne2 Nb6 21. Ne5 Nc4 22. f4 Ne4 23. Ng3 Nxg3 24. hxg3 Qd6 25. Rcd1 Bc8 26. Kh2 Bb7 27. Re2 Ra8 28. Rf1 a5 29. bxa5 Rxa5 30. Nxc4 dxc4 31. f5 g5 32. f6 Ra3 33. Qc1 Rd3 34. Bf5 Rxd4 35. Ref2 Rh4+ 36. Bh3 Rhe4 37. Rd1 Qc5 38. Bd7 Rf8 39. Rf3 b4 40. Rh1 Re5 41. Kg1 Qd5 42. Bg4 Rd8 43. Rf2 Qe4 44. Bf3 Qxe3 45. Qxc4 Qe1+ 46. Rf1 Qe3+ 47. Rf2 Qe1+ 48. Rf1 Qe3+ 49. Kh2 Rd4 50. Qc2 g4 51. Bxc6 Rh5# 0-1

[Event "Turkish Second League 2019"]
[Site "Konya"]
[Date "2019.07.22"]
[Round "1"]
[White "Abdimanoglu, Beste Basak"]
[Black "Turkkan, Ece"]
[Result "0-1"]
[ECO "E61"]
[WhiteElo "1898"]
[BlackElo "1556"]
[Annotator "NA"]
[PlyCount "62"]
[EventDate "2019.07.22"]
[EventType "team-tourn"]
[EventCountry "TUR"]
[SourceTitle "playchess.com"]
[Source "ChessBase"]
[SourceQuality "1"]
[TimeControl "5400+30"]

1. d4 Nf6 2. c4 g6 3. Nc3 Bg7 4. Nf3 d6 5. Bg5 O-O 6. e3 Nbd7 7. Be2 h6 8. Bh4 Re8 9. Qc2 g5 10. Bg3 e5 11. O-O-O exd4 12. exd4 a6 13. Rhe1 Nf8 14. h4 g4 15. Nh2 Bd7 16. Nf1 Rb8 17. f3 Qc8 18. Ne4 b5 19. Nxf6+ Bxf6 20. Qd2 Bg7 21. Bf4 h5 22. Bh6 Qd8 23. Bxg7 Kxg7 24. g3 Qf6 25. fxg4 Bxg4 26. Bxg4 hxg4 27. Nh2 Qg6 28. cxb5 Rxe1 29. Rxe1 Rxb5 30. Qf4 Rb4 31. Qxg4 Rc4+ 0-1

[Event "Turkish Second League 2019"]
[Site "Konya"]
[Date "2019.07.22"]
[Round "1"]
[White "Sahutoglu, Mehmet Ibrahim"]
[Black "Kocacoglu, Ayhan"]
[Result "1-0"]
[ECO "D78"]
[WhiteElo "1898"]
[BlackElo "1792"]
[Annotator "NA"]
[PlyCount "88"]
[EventDate "2019.07.22"]
[EventType "team-tourn"]
[EventCountry "TUR"]
[SourceTitle "playchess.com"]
[Source "ChessBase"]
[SourceQuality "1"]
[TimeControl "5400+30"]

1. Nf3 g6 2. d4 Nf6 3. b3 Bg7 4. Bb2 O-O 5. g3 d5 6. Bg2 Bf5 7. O-O c6 8. Nbd2 Nbd7 9. c4 Nb6 10. Re1 Ne4 11. c5 Nd7 12. Qc1 Re8 13. Nh4 Ndf6 14. Nxf5 gxf5 15. Nf1 Nd7 16. f3 Nef6 17. Qc2 e6 18. b4 Nf8 19. a4 Ng6 20. e3 Nd7 21. b5 h5 22. Reb1 h4 23. Bc3 hxg3 24. hxg3 Qf6 25. Ra3 Rab8 26. Rab3 e5 27. dxe5 Qe7 28. f4 Nxc5 29. Bb4 b6 30. bxc6 Qe6 31. Bxc5 Qxc6 32. Rc3 bxc5 33. Rxb8 Rxb8 34. Rxc5 Qa6 35. Bxd5 Ne7 36. Bf3 Rb4 37. a5 Bf8 38. Be2 Qb7 39. Rc7 Qb8 40. Bf3 Rb2 41. Qc5 a6 42. Qa7 Qd8 43. Qc5 Rb5 44. Qd6 Nc6 1-0

[Event "Turkish Second League 2019"]
[Site "Konya"]
[Date "2019.07.22"]
[Round "1"]
[White "Abdullahoglu, Diren Can"]
[Black "Okur, Kadir"]
[Result "1-0"]
[ECO "D55"]
[WhiteElo "1889"]
[BlackElo "1844"]
[Annotator "NA"]
[PlyCount "103"]
[EventDate "2019.07.22"]
[EventType "team-tourn"]
[EventCountry "TUR"]
[SourceTitle "playchess.com"]
[Source "ChessBase"]
[SourceQuality "1"]
[TimeControl "5400+30"]

1. d4 d5 2. c4 e6 3. Nf3 Nf6 4. Bg5 Be7 5. Nc3 O-O 6. e3 Nbd7 7. Rc1 b6 8. cxd5 exd5 9. Bd3 Bb7 10. O-O Ne4 11. Bxe7 Qxe7 12. Qe2 a6 13. Rfd1 f5 14. Bb1 Rf6 15. Ne1 Rh6 16. g3 Ndf6 17. f3 Nd6 18. Ng2 Re8 19. Re1 g5 20. Qd2 Qf7 21. b3 Qh5 22. Kf2 Rf8 23. h4 g4 24. f4 b5 25. a3 a5 26. b4 a4 27. Re2 Qf7 28. Ne1 c6 29. Kg2 Nh5 30. Nd3 Nc4 31. Qa2 Qe7 32. Rh1 Re8 33. Ne5 Qe6 34. Kf2 Nf6 35. Bd3 Nd7 36. Bxc4 dxc4 37. Rd2 Nf6 38. Qc2 c5 39. d5 Nxd5 40. Nxd5 Bxd5 41. Rhd1 Be4 42. Qc3 cxb4 43. axb4 Bd3 44. Qd4 Be4 45. Qc5 Qb6 46. Rd7 Qxc5 47. bxc5 b4 48. Ra7 c3 49. Rdd7 Rf6 50. Rg7+ Kf8 51. Rxh7 Kg8 52. Rag7+ 1-0

[Event "Turkish Second League 2019"]
[Site "Konya"]
[Date "2019.07.22"]
[Round "1"]
[White "Dinke, Abdullah"]
[Black "Zor, Alber Kadir"]
[Result "0-1"]
[ECO "B42"]
[WhiteElo "1870"]
[BlackElo "2160"]
[Annotator "NA"]
[PlyCount "74"]
[EventDate "2019.07.22"]
[EventType "team-tourn"]
[EventCountry "TUR"]
[SourceTitle "playchess.com"]
[Source "ChessBase"]
[SourceQuality "1"]
[TimeControl "5400+30"]

1. e4 c5 2. Nf3 e6 3. d4 cxd4 4. Nxd4 a6 5. Bd3 Ne7 6. c4 Nbc6 7. Nc2 g6 8. Bd2 Bg7 9. Bc3 O-O 10. Bxg7 Kxg7 11. Nc3 d5 12. a4 d4 13. Ne2 a5 14. f4 e5 15. O-O Bg4 16. h3 Bxe2 17. Qxe2 exf4 18. e5 f6 19. e6 g5 20. h4 Ng6 21. hxg5 fxg5 22. Ra3 Qe7 23. Rb3 Rf6 24. Re1 Nf8 25. Qg4 Rxe6 26. Rxe6 Nxe6 27. Bf5 Nf8 28. Bc8 Rb8 29. Rb5 h6 30. Rd5 d3 31. Na3 Nb4 32. Bf5 Nxd5 33. cxd5 d2 34. Kh2 Qe1 35. Bc2 Qg3+ 36. Qxg3 fxg3+ 37. Kxg3 Rc8 0-1

[Event "Turkish Second League 2019"]
[Site "Konya"]
[Date "2019.07.22"]
[Round "1"]
[White "Aydogdu, Cagatay"]
[Black "Tutuncu, Ali"]
[Result "1-0"]
[ECO "B07"]
[WhiteElo "1845"]
[BlackElo "1783"]
[Annotator "NA"]
[PlyCount "77"]
[EventDate "2019.07.22"]
[EventType "team-tourn"]
[EventCountry "TUR"]
[SourceTitle "playchess.com"]
[Source "ChessBase"]
[SourceQuality "1"]
[TimeControl "5400+30"]

1. e4 g6 2. d4 Bg7 3. Nf3 d6 4. h3 Nf6 5. Bd3 c5 6. dxc5 Qa5+ 7. Nc3 Qxc5 8. Be3 Qa5 9. O-O O-O 10. a3 a6 11. Qd2 Nc6 12. b4 Qc7 13. Rac1 b5 14. Nd5 Qb7 15. c4 bxc4 16. Nxf6+ Bxf6 17. Bxc4 Qd7 18. b5 Ne5 19. Nxe5 Bxe5 20. Bd5 Rb8 21. f4 Bg7 22. b6 e6 23. Bc6 Qe7 24. e5 Rd8 25. Rfd1 Bf8 26. Bc5 Bb7 27. Bxd6 Qh4 28. Qe3 Qh5 29. g4 Qh4 30. Bxb8 Rxd1+ 31. Rxd1 Bc5 32. Qxc5 Qg3+ 33. Kf1 Qxh3+ 34. Ke1 Qg3+ 35. Kd2 Qh2+ 36. Kc3 Qg3+ 37. Kb2 Qh2+ 38. Ka1 Bxc6 39. Rd8+ 1-0

[Event "Turkish Second League 2019"]
[Site "Konya"]
[Date "2019.07.22"]
[Round "1"]
[White "Tum, Hakan"]
[Black "Buyukasik, Diyap"]
[Result "0-1"]
[ECO "A47"]
[WhiteElo "1803"]
[BlackElo "2268"]
[Annotator "NA"]
[PlyCount "91"]
[EventDate "2019.07.22"]
[EventType "team-tourn"]
[EventCountry "TUR"]
[SourceTitle "playchess.com"]
[Source "ChessBase"]
[SourceQuality "1"]
[TimeControl "5400+30"]

1. d4 Nf6 2. Nf3 e6 3. e3 b6 4. Bd3 Bb7 5. Nbd2 g6 6. b3 Bg7 7. Bb2 O-O 8. O-O d6 9. c4 Nbd7 10. Qc2 Qe7 11. Ne4 e5 12. dxe5 dxe5 13. Nxf6+ Bxf6 14. Be4 c6 15. Qc3 Bg7 16. Rad1 Rae8 17. Rd2 f5 18. Rfd1 Nc5 19. Bc2 Rf7 20. b4 Ne4 21. Bxe4 fxe4 22. Ne1 Bc8 23. Rd6 Bf8 24. c5 bxc5 25. bxc5 Bg4 26. Rc1 Qb7 27. Rd2 Rd7 28. Qc4+ Be6 29. Rxd7 Qxd7 30. Qxe4 Bxa2 31. Qa4 Bd5 32. e4 Bf7 33. Nf3 Bg7 34. Rd1 Qb7 35. Qa1 Qe7 36. Rd6 g5 37. Rxc6 g4 38. Nd2 Rd8 39. Nf1 Qb7 40. Ra6 Qxe4 41. Ra4 Qe2 42. Ne3 Bb3 43. Rxg4 Rd1+ 44. Qxd1 Bxd1 45. Bc3 Qxg4 46. f3 0-1

[Event "Turkish Second League 2019"]
[Site "Konya"]
[Date "2019.07.22"]
[Round "1"]
[White "Turkmen, Yusuf Cagan"]
[Black "Altundal, Arda"]
[Result "1-0"]
[ECO "D02"]
[WhiteElo "1796"]
[BlackElo "1707"]
[Annotator "NA"]
[PlyCount "76"]
[EventDate "2019.07.22"]
[EventType "team-tourn"]
[EventCountry "TUR"]
[SourceTitle "playchess.com"]
[Source "ChessBase"]
[SourceQuality "1"]
[TimeControl "5400+30"]

1. d4 Nf6 2. Bf4 e6 3. e3 d5 4. Nd2 c5 5. c3 Nc6 6. Ngf3 Bd6 7. Bg3 O-O 8. Bd3 h6 9. Ne5 Bxe5 10. dxe5 Nd7 11. f4 c4 12. Bc2 Qb6 13. Rb1 Qxe3+ 14. Qe2 Qxe2+ 15. Kxe2 b5 16. Bf2 Ba6 17. Rhd1 b4 18. Ba4 Rfc8 19. Ne4 Nb6 20. Bxb6 axb6 21. Nd6 Rc7 22. Bxc6 Rxc6 23. Ke3 Bc8 24. cxb4 c3 25. Rbc1 Rxa2 26. Rxc3 Rxc3+ 27. bxc3 Bd7 28. Rd2 Ra1 29. Kd4 Ra4 30. Rb2 Kf8 31. c4 Bc6 32. Nc8 b5 33. Nb6 Ra1 34. Kc5 Bb7 35. Kxb5 Ba6+ 36. Kc6 Bxc4 37. b5 Rc1 38. Kd7 d4 1-0

[Event "Turkish Second League 2019"]
[Site "Konya"]
[Date "2019.07.22"]
[Round "1"]
[White "Hatirli, Ugur Can"]
[Black "Donmez, Taha Mert"]
[Result "1-0"]
[ECO "E62"]
[WhiteElo "1792"]
[BlackElo "1961"]
[Annotator "NA"]
[PlyCount "93"]
[EventDate "2019.07.22"]
[EventType "team-tourn"]
[EventCountry "TUR"]
[SourceTitle "playchess.com"]
[Source "ChessBase"]
[SourceQuality "1"]
[TimeControl "5400+30"]

1. Nf3 g6 2. g3 Bg7 3. Bg2 d6 4. O-O Nf6 5. d4 O-O 6. c4 c6 7. Nc3 Bf5 8. Ne1 Na6 9. e4 Be6 10. b3 Qa5 11. Bd2 Qb6 12. Nc2 Rad8 13. h3 d5 14. exd5 cxd5 15. c5 Qc6 16. b4 Qc8 17. Kh2 Bf5 18. b5 Nc7 19. Bg5 Ne6 20. Bxf6 Bxf6 21. Nxd5 Bxc2 22. Qxc2 Rxd5 23. Bxd5 Nxd4 24. Qc4 e6 25. Bg2 h5 26. Rad1 Rd8 27. Rd3 h4 28. Rfd1 hxg3+ 29. fxg3 e5 30. Rf1 Kg7 31. Be4 Rh8 32. Bg2 Rd8 33. Rdd1 Qc7 34. a4 Rc8 35. Qd5 Nf5 36. Qe4 Qxc5 37. Rd3 Qc4 38. Rd7 Qxe4 39. Bxe4 Nd4 40. Rxb7 Rc3 41. Rf2 Ne6 42. Bd5 Nd8 43. Rxa7 Rd3 44. Ba2 e4 45. Re2 e3 46. Rc7 Bd4 47. Rd7 1-0

[Event "Turkish Second League 2019"]
[Site "Konya"]
[Date "2019.07.22"]
[Round "1"]
[White "Yassibag, Ipek Asli"]
[Black "Demirtas, Hafize"]
[Result "1-0"]
[ECO "B22"]
[WhiteElo "1778"]
[BlackElo "1893"]
[Annotator "NA"]
[PlyCount "88"]
[EventDate "2019.07.22"]
[EventType "team-tourn"]
[EventCountry "TUR"]
[SourceTitle "playchess.com"]
[Source "ChessBase"]
[SourceQuality "1"]
[TimeControl "5400+30"]

1. e4 c5 2. d4 cxd4 3. c3 Nf6 4. e5 Nd5 5. cxd4 e6 6. Nc3 d6 7. Nf3 Nc6 8. Bb5 Nxc3 9. bxc3 Bd7 10. exd6 Bxd6 11. O-O O-O 12. Bd3 f5 13. Re1 Qc7 14. c4 Nb4 15. c5 Be7 16. Bc4 Bf6 17. Bxe6+ Bxe6 18. Rxe6 Rad8 19. Bg5 Bxg5 20. Nxg5 h6 21. Qb3 Nd5 22. Re5 hxg5 23. Rxd5 Kh7 24. Re1 Qa5 25. Rf1 Qc7 26. Rxd8 Rxd8 27. Qe3 Qf7 28. a3 g4 29. Rd1 Re8 30. Qd3 Qd5 31. f3 gxf3 32. Qxf3 Re4 33. h3 g6 34. Qf2 Kg7 35. Kh1 Qb3 36. Ra1 Qd3 37. Qb2 Qxd4 38. Qxb7+ Kh6 39. Rc1 Qd2 40. Qb1 Re2 41. Rg1 Qd5 42. Qc1+ g5 43. c6 Re6 44. c7 Re5 1-0

[Event "Turkish Second League 2019"]
[Site "Konya"]
[Date "2019.07.22"]
[Round "1"]
[White "Karatiken, Seray"]
[Black "Kara, Gulce Nehir"]
[Result "0-1"]
[ECO "E91"]
[WhiteElo "1764"]
[BlackElo "1767"]
[Annotator "NA"]
[PlyCount "110"]
[EventDate "2019.07.22"]
[EventType "team-tourn"]
[EventCountry "TUR"]
[SourceTitle "playchess.com"]
[Source "ChessBase"]
[SourceQuality "1"]
[TimeControl "5400+30"]

1. d4 Nf6 2. Nf3 g6 3. c4 Bg7 4. Nc3 O-O 5. e4 d6 6. Be2 Bg4 7. h3 Bxf3 8. Bxf3 Nfd7 9. Be2 e5 10. Be3 Nc6 11. d5 Nd4 12. O-O a5 13. a3 Nc5 14. Bd3 Ncb3 15. Rb1 f5 16. Bc2 Nxc2 17. Qxc2 Nc5 18. f3 f4 19. Bf2 g5 20. b4 axb4 21. axb4 Nd7 22. c5 h5 23. Nb5 dxc5 24. bxc5 Rf6 25. Ra1 Rb8 26. Qc4 Kh8 27. d6 c6 28. Nc7 Rh6 29. Qf7 Nf8 30. Qe7 Bf6 31. Qxd8 Bxd8 32. Ra7 Rh7 33. Na8 b5 34. Rxh7+ Kxh7 35. Ra1 b4 36. Nb6 Bxb6 37. cxb6 Nd7 38. Rb1 c5 39. Rc1 b3 40. Bxc5 b2 41. Rb1 Nxc5 42. Rxb2 Nd7 43. b7 Kg6 44. Kf2 Kf6 45. g3 Ke6 46. h4 g4 47. gxf4 exf4 48. Rb5 Ne5 49. fxg4 hxg4 50. d7 Nxd7 51. Rf5 Ne5 52. Kg2 f3+ 53. Kf2 Rxb7 54. Rg5 Rb2+ 55. Kf1 Nd3 0-1